 Dungeon Crawl Stone Soup version 0.25-a0-860-gf695395b5c (webtiles) character file.

Game seed: 9073761723948009710, levelgen mode: deterministic

76 unvid the Shooter (level 4, -2/35 HPs)
             Began as a Centaur Arcane Marksman on Apr 27, 2020.
             Slain by a worm (8 damage)
             ... on level 2 of the Dungeon.
             The game lasted 00:02:01 (1891 turns).

unvid the Shooter (Centaur Arcane Marksman)         Turns: 1891, Time: 00:02:01

Health: -2/35      AC:  4    Str: 14    XL:     4   Next: 12%
Magic:  5/5        EV:  9    Int: 12    God:
Gold:   89         SH:  0    Dex:  9    Spells: 4/5 levels left

rFire    . . .     SeeInvis .   a - +0 shortbow
rCold    . . .     Gourm    .   (shield currently unavailable)
rNeg     . . .     Faith    .   k - +0 leather armour
rPois    .         Spirit   .   (no helmet)
rElec    .         Reflect  .   (no cloak)
rCorr    .         Harm     .   (no gloves)
MR       .....                  (no barding)
Stlth    ..........             (no amulet)
HPRegen  0.11/turn              i - ring of attention (curse)
MPRegen  0.09/turn              (no ring)

@: lethally poisoned (-2 -> -3), very quick
A: large, hooves 3, deformed body, speed 2, tough skin 3
a: no special abilities


You were on level 2 of the Dungeon.
You were not hungry.

You visited 1 branch of the dungeon, and saw 2 of its levels.

You collected 89 gold pieces.

Inventory:

Hand Weapons
 a - a +0 shortbow (weapon)
 b - a +0 whip
Missiles
 d - 12 arrows (quivered)
Armour
 k - a +0 leather armour (worn)
Jewellery
 i - a cursed ring of attention (left hand)
Scrolls
 g - 2 scrolls of identify {unknown}
 h - a scroll of remove curse {unknown}
 m - a scroll of fear {unknown}
 n - a scroll of teleportation {unknown}
 o - a scroll of noise {unknown}
Potions
 c - a potion of curing {unknown}
 e - a potion of heal wounds {unknown}
 j - a potion of resistance {unknown}
 p - a potion of lignification {unknown}
Comestibles
 f - 3 rations
 l - 2 chunks of flesh


   Skills:
 - Level 1.0 Fighting
 + Level 5.9 Bows
 - Level 1.3 Dodging
 - Level 1.0 Spellcasting
 - Level 2.6 Hexes


You had 4 spell levels left.
You knew the following spells:

 Your Spells              Type           Power        Failure   Level  Hunger
a - Corona                Hex            #......      13%         1    ##.....

Your spell library contained the following spells:

 Spells                   Type           Power        Failure   Level  Hunger
 Slow                     Hex            #.......     19%         2    ###....
 Inner Flame              Hex/Fire       #.......     54%         3    ####...
 Portal Projectile        Hex/Tloc       #.....       54%         3    ####...
 Cause Fear               Hex            #.........   77%         4    #####..
 Leda's Liquefaction      Hex/Erth       #.........   91%         4    #####..


Dungeon Overview and Level Annotations

Branches:
Dungeon (2/15)

Altars:


Innate Abilities, Weirdness & Mutations

You have hooves in place of feet.
Armour fits poorly on your strangely shaped body.
You cover ground very quickly.
You have extremely tough skin. (AC +3)


Message History

You shoot an arrow. The arrow barely misses the adder.
You feel sick. The kobold hits you but does no damage.
The adder bites you but does no damage.
Firing (i - inventory)
d - 14 arrows (quivered)
Press: ? - help, Shift-Dir - straight line, f/p - adder
Aim: an adder (severely wounded)
You shoot an arrow. The arrow closely misses the adder.
The kobold hits you with a +0 whip.
* * * LOW HITPOINT WARNING * * *
The adder closely misses you.
Firing (i - inventory)
d - 13 arrows (quivered)
Press: ? - help, Shift-Dir - straight line, f/p - adder
Aim: an adder (severely wounded)
You shoot an arrow. The arrow hits the adder.
You kill the adder!
You have reached level 4!
You feel stronger. The kobold hits you with a +0 whip.
* * * LOW HITPOINT WARNING * * *
The worm bites you!
You die...

##.#.##...#....#
##.#.#.##)......#
##.#.#.#.##......#
##.#.###.#.####....
##.#.##.##.#.##.....
##.#.##.# ##.#.###...
##.#.##.#.#.##.#.##...
#.#.##(#...# ##.#.##..
#.##@(=$# ##.#.##.
#.#.wK#.## ##.#.##..
##.#.#(## ##.#.###.#
##.#.## ##.#.##.... ##
## ##.#.###.##.
##.#.## #....
##.#.#######..
##.#.##.......#
##.#.###.#######


You could see a worm and a kobold.

Vanquished Creatures
  An adder (D:2)
  A worm (D:2)
  4 dart slugs
  2 ball pythons (D:1)
  2 giant cockroaches (D:1)
  3 goblins
  7 hobgoblins
  8 bats
  2 frilled lizards
  5 kobolds
  3 rats
38 creatures vanquished.

Vanquished Creatures (others)
  Jessica (D:2)
1 creature vanquished.

Grand Total: 39 creatures vanquished

Notes
Turn   | Place    | Note
-------+----------+-------------------------------------------
     0 | D:1      | unvid the Centaur Arcane Marksman began the quest for the
                  | Orb.
     0 | D:1      | Reached XP level 1. HP: 16/16 MP: 2/2
    47 | D:1      | Reached skill level 3 in Bows
   148 | D:1      | Reached XP level 2. HP: 15/23 MP: 3/3
   266 | D:1      | Reached skill level 4 in Bows
   993 | D:1      | Reached XP level 3. HP: 28/28 MP: 4/4
  1310 | D:2      | Noticed Jessica
  1316 | D:2      | Killed Jessica
  1316 | D:2      | Reached skill level 5 in Bows
  1891 | D:2      | Reached XP level 4. HP: 9/35 MP: 5/5
  1891 | D:2      | Slain by a worm

Levels and vault maps discovered:
D:1:      minmay_arrival_jagged, layout_basic, chequers_serial_rivers_micro_b
D:2:      minmay_inner_zag, layout_basic, first_ration, uniq_jessica

Skill      XL: |  1  2  3 |
---------------+----------+-----
Bows           | 3 4 5 |  5.9
Fighting       | |  1.0
Dodging        | |  1.3
Spellcasting   | |  1.0
Hexes          | |  2.6

Action                   |  1- 3 |  4- 6 || total
-------------------------+-------+-------++-------
Melee: Unarmed           |     8 |       ||     8
       Kick              |    10 |       ||    10
       Whip              |    59 |       ||    59
       Club              |     1 |       ||     1
 Fire: Shortbow          |    69 |       ||    69
  Eat: Chunk             |     2 |       ||     2
Armor: Robe              |    19 |       ||    19
       Leather armour    |    30 |       ||    30
Dodge: Dodged            |    37 |       ||    37

Table legend:
 A = Non-vault XP
 B = Vault XP
 C = Vault XP percentage of total XP
 D = Non-vault monster count
 E = Vault monster count
 F = Vault count percentage of total count
                 A         B        C        D         E       F
            +---------+---------+-------+---------+---------+-------
      Total |      70 |      39 |  35.8 |      37 |       2 |   5.1
            +---------+---------+-------+---------+---------+-------
        D:1 |      42 |       0 |   0.0 |      23 |       0 |   0.0
        D:2 |      28 |      39 |  58.2 |      14 |       2 |  12.5
            +---------+---------+-------+---------+---------+-------
